 Dungeon Crawl Stone Soup version 0.29.0-11-gd7f09526c8 (webtiles) character file.

Game seed: 15979870215926451621

149 browni3141 the Conjurer (level 5, -8/35 HPs)
             Began as a Formicid Conjurer on Sept 3, 2022.
             Killed by nerve-wracking pain
             ... invoked by Grinder
              (14 damage)
             ... on level 3 of the Dungeon.
             The game lasted 00:09:25 (4900 turns).

browni3141 the Conjurer (Formicid Conjurer)         Turns: 4900, Time: 00:09:26

Health: -8/35      AC:  6    Str: 21    XL:     5   Next: 57%
Magic:  1/9        EV: 11    Int: 19    God:
Gold:   130        SH:  0    Dex: 12    Spells: 0/10 levels left

rFire   . . .      SeeInvis +   g - +0 short sword (drain)
rCold   . . .      Faith    .   (no shield)
rNeg    . . .      Spirit   .   o - +1 ring mail of Arisykhli {Rampage Str+3}
rPois   .          Reflect  .   (helmet unavailable)
rElec   .          Harm     .   (no cloak)
rCorr   .          Rampage  +   (no gloves)
Will    .....                   (no boots)
Stlth   +.........              (no amulet)
HPRegen 0.11/turn               S - +6 ring of strength
MPRegen 0.11/turn               (no ring)

@: no status effects
A: permanent stasis, dig shafts and tunnels, antennae 3, four strong arms
a: Dig, Shaft Self


You were on level 3 of the Dungeon.
You visited 1 branch of the dungeon, and saw 3 of its levels.

You collected 130 gold pieces.


Innate Abilities, Weirdness & Mutations

You cannot be hasted, slowed, berserked, paralysed or teleported.
You can dig through walls and to a lower floor.
You have a pair of large antennae on your head. (SInv)
Your four strong arms can wield two-handed weapons with a shield.


   Skills:
 - Level 1.7 Dodging
 - Level 3.0 Stealth
 - Level 3.0 Spellcasting
 - Level 5.0 Conjurations
 * Level 2.4 Hexes


You couldn't memorise any spells.
You knew the following spells:

 Your Spells              Type           Power      Damage    Failure   Level
c - Conjure Flame         Conj/Fire      12%        6-21      26%         3
f - Fulminant Prism       Conj/Hex       8%         3d7       50%         4
s - Searing Ray           Conj           42%        2d6       4%          2
z - Magic Dart            Conj           84%        1d7       3%          1

Your spell library contained the following spells:

 Spells                   Type           Power      Damage    Failure   Level
 Dazzling Flash           Conj/Hex       32%        N/A       17%         3
 Tukima's Dance           Hex            12%        N/A       28%         3
 Ignite Poison            Fire/Tmut/Pois 2%         N/A       58%         3
 Iskenderun's Mystic Bla  Conj/Tloc      12%        2d5       65%         4
 Sticky Flame             Conj/Fire      12%        2d4       65%         4
 Passage of Golubria      Tloc           2%         N/A       94%         4
 Yara's Violent Unravell  Hex/Tmut       3%         3d4       99%         5

Inventory:

Hand Weapons
 c - a +0 dagger
 g - a +0 short sword of draining (weapon)
Missiles
 e - 17 stones {@f1}
 q - 5 curare-tipped darts {@f4}
Armour
 a - a +0 robe
 o - the +1 ring mail of Arisykhli (worn) {Rampage Str+3}
   (You found it on level 3 of the Dungeon)

   Str:       It affects your strength (+3).
   Rampage:   It bestows one free step when moving towards enemies.
Jewellery
 S - a +6 ring of strength (left hand)
Scrolls
 d - a scroll of summoning {unknown}
 i - 2 scrolls of teleportation {unknown}
 k - 2 scrolls of blinking {unknown}
 n - a scroll of vulnerability {unknown}
 p - a scroll of magic mapping {unknown}
Potions
 f - 2 potions of might {unknown}
 h - 2 potions of curing {@q1}
 j - 2 potions of attraction {!q}
 l - a potion of brilliance
 m - a potion of flight {unknown}

Dungeon Overview and Level Annotations

Branches:
Dungeon (3/15)

Altars:
Cheibriados
Gozag
Yredelemnul

Shops:
D:1 :

Annotations:
D:3 Grinder

...........####
..............# .
..........###.## .. #..
.....#.#### #..# ##... ...
[....#.#######.###.†.# ...#
............##.....# .{.#
##..........##...### #...#.
#..#.......#..#.# #......
#............##@###.......
##...........###.5†.......#
....#.......## ###......###
##).........#####....##.#
##.##..............#.# #
.#.##............##..#
......##........## ..#
#..#..##.#....<..# ...
#.#......#.#..#..#...#


You could see Grinder (fast).


Message History

The searing ray misses Grinder.
You finish channelling your searing ray.
Grinder hits you.
You writhe in agony.
* * * LOW HITPOINT WARNING * * *
Unknown command.
Casting: Searing Ray (safe; 4% risk of failure)
Confirm with . or Enter, or press ? or * to list all spells.
Aiming: Searing Ray (safe; 4% risk of failure)
Press: ? - help, Shift-Dir - straight line, f - worm, p - Grinder
Aim: a worm (92% to hit)
The searing ray hits Grinder.
Grinder is almost dead.
The searing ray hits the worm!
The worm is heavily wounded. (Press . to maintain the ray.) Grinder barely misses you.
Grinder hits you!
* * * LOW HITPOINT WARNING * * *
You writhe in agony.
* * * LOW HITPOINT WARNING * * *
The searing ray hits Grinder.
Grinder is almost dead.
The searing ray hits the worm!
You kill the worm!
Grinder gestures at you.
You struggle to resist.
Unknown command.
The searing ray misses Grinder.
Grinder hits you but does no damage. Grinder gestures at you.
Pain shoots through your body!
You die...

Skill      XL: |  1  2  3  4  5 |
---------------+----------------+-----
Conjurations   | 4 5 |  5.0
Spellcasting   | 3 |  3.0
Stealth        | 3 |  3.0
Hexes          | 2 |  2.4
Dodging        | |  1.7

Action                   |  1- 3 |  4- 6 || total
-------------------------+-------+-------++-------
Melee: Short sword       |     7 |     5 ||    12
 Cast: Magic Dart        |    70 |    52 ||   122
       Searing Ray       |       |     7 ||     7
       Conjure Flame     |       |     4 ||     4
  Use: Scroll            |       |     2 ||     2
       Potion            |       |     2 ||     2
Armor: Robe              |       |     1 ||     1
       Ring mail         |       |     1 ||     1
Dodge: Dodged            |     7 |     5 ||    12

Levels and vault maps discovered:
D:1:      matt_arrival_los_fun, layout_basic, serial_shops, nicolae_shop_stone,
          wad_woods_river_04
D:2:      layout_loops_corners, basic_altar, serial_rivers,
          chequers_serial_rivers_room_a, chequers_serial_rivers_room_a,
          chequers_serial_rivers_micro_a, chequers_serial_rivers_small_3,
          ebering_ecumenical_altar_petrified, minmay_misc_feat_doors
D:3:      layout_rooms, gammafunk_temple_overflow_statue, uniq_grinder,
          uniq_natasha

Notes
Turn   | Place    | Note
-------+----------+-------------------------------------------
     0 | D:1      | browni3141 the Formicid Conjurer began the quest for the
                  | Orb.
     0 | D:1      | Reached XP level 1. HP: 13/13 MP: 3/3
   469 | D:1      | Reached XP level 2. HP: 19/19 MP: 3/5
   534 | D:1      | Reached skill level 4 in Conjurations
   537 | D:1      | Learned a level 2 spell: Searing Ray
   768 | D:1      | Reached XP level 3. HP: 24/24 MP: 4/7
   839 | D:1      | Reached skill level 3 in Spellcasting
  1254 | D:1      | Found Qanim's Book Emporium.
  2069 | D:2      | Reached XP level 4. HP: 26/30 MP: 4/8
  2773 | D:2      | Learned a level 3 spell: Conjure Flame
  2852 | D:2      | Found an opulent altar of Gozag.
  2909 | D:2      | Found a faded altar of an unknown god.
  3358 | D:3      | Identified the +1 ring mail of Arisykhli {Rampage Str+3}
  3504 | D:3      | Reached skill level 5 in Conjurations
  3508 | D:3      | Reached XP level 5. HP: 28/35 MP: 0/9
  4205 | D:3      | Learned a level 4 spell: Fulminant Prism
  4313 | D:3      | Found a snail-covered altar of Cheibriados.
  4314 | D:3      | Found a basalt altar of Yredelemnul.
  4375 | D:3      | Reached skill level 3 in Stealth
  4492 | D:3      | Reached skill level 1 in Hexes
  4723 | D:3      | Noticed Natasha
  4744 | D:3      | Killed Natasha
  4745 | D:3      | Reached skill level 2 in Hexes
  4884 | D:3      | Noticed Grinder
  4900 | D:3      | Killed from afar by Grinder

Vanquished Creatures
  Natasha (D:3)
  4 gnolls
  2 adders
  A worm (D:3)
  A dart slug (D:1)
  An orc (D:3)
  5 ball pythons
  4 endoplasms (D:1)
  6 goblins
  5 hobgoblins
  4 jackals (D:1)
  8 kobolds
  3 quokkas
  9 bats
  2 frilled lizards (D:2)
  7 rats
63 creatures vanquished.

Vanquished Creatures (others)
  A plant (D:1)
  2 withered plants (D:2)
3 creatures vanquished.

Grand Total: 66 creatures vanquished

Table legend: (Time is in decaauts)
 A = Elapsed time spent in this place.
 B = Non-inter-level travel time spent in this place.
 C = Inter-level travel time spent in this place.
 D = Time resting spent in this place.
 E = Time spent auto-exploring this place.
 F = Levels seen in this place.
 G = Mean time per level.
                   A        B        C        D        E       F      G
               +--------+--------+--------+--------+--------+-----+--------+
         Total |   4928 |   4643 |    285 |    668 |   3339 |   3 | 1642.7 |
       Dungeon |   4928 |   4643 |    285 |    668 |   3339 |   3 | 1642.7 |
               +--------+--------+--------+--------+--------+-----+--------+

Top non-repeatable levels by time:
     D:1: 2079 daAuts
     D:2: 1894 daAuts
     D:3: 954 daAuts

Table legend:
 A = Non-vault XP
 B = Vault XP
 C = Vault XP percentage of total XP
 D = Non-vault monster count
 E = Vault monster count
 F = Vault count percentage of total count
                 A         B        C        D         E       F
            +---------+---------+-------+---------+---------+-------
      Total |     179 |      35 |  16.4 |      62 |       1 |   1.6
            +---------+---------+-------+---------+---------+-------
        D:1 |      67 |       0 |   0.0 |      31 |       0 |   0.0
        D:2 |      35 |       0 |   0.0 |      15 |       0 |   0.0
        D:3 |      77 |      35 |  31.2 |      16 |       1 |   5.9
            +---------+---------+-------+---------+---------+-------
